 Dungeon Crawl Stone Soup version 0.30.0-10-gfe55d96785 (webtiles) character file.

Game seed: 4005027240077935539

940 monsoonserge the Ducker (level 8, -3/57 HPs)
             Began as a Merfolk Artificer on May 15, 2023.
             Slain by Pikel
             ... wielding a +0 whip of electrocution
              (9 damage)
             ... on level 5 of the Dungeon.
             The game lasted 00:25:10 (4707 turns).

monsoonserge the Ducker (Merfolk Artificer)         Turns: 4707, Time: 00:25:11

Health: -3/57      AC:  8    Str: 13    XL:     8   Next: 12%
Magic:  8/20       EV: 13    Int: 10    God:
Gold:   221        SH:  5    Dex: 16    Spells: 6/11 levels left

rFire   . . .        w - +1 falchion (flame)
rCold   . . .        (no shield)
rNeg    . . .        b - +0 leather armour
rPois   +            G - +1 helmet
rElec   .            s - +0 cloak
rCorr   .            u - +0 pair of gloves
SInv    .            E - +0 pair of boots
Will    .....        t - amulet of reflection
Stlth   ++           x - ring of magical power
HPRegen 0.29/turn    z - ring of poison resistance
MPRegen 0.17/turn

%: reflection
@: freezing walls, very slightly contaminated
A: (nimble swimmer 2), mertail
a: no special abilities


You were on level 5 of the Dungeon.
You visited 1 branch of the dungeon, and saw 5 of its levels.

You collected 221 gold pieces.

Inventory:

Hand Weapons
 i - a +0 sling
 w - a +1 falchion of flaming (weapon)
 A - a +1 dagger of venom
 D - a +1 rapier of protection
Missiles
 f - 33 stones
 q - 5 poisoned darts (quivered)
 y - 3 javelins
Armour
 b - a +0 leather armour (worn)
 s - a +0 cloak (worn)
 u - a +0 pair of gloves (worn)
 E - a +0 pair of boots (worn)
 G - a +1 helmet (worn)
 H - a +0 ring mail
Jewellery
 t - an amulet of reflection (around neck)
 x - a ring of magical power (left hand)
 z - a ring of poison resistance (right hand)
 B - a ring of magical power
Wands
 c - a wand of flame (5)
 d - a wand of charming (15)
 e - a wand of iceblast (5)
 C - a wand of paralysis (3)
Scrolls
 g - 3 scrolls of vulnerability {unknown}
 h - 4 scrolls of identify {unknown}
 j - 2 scrolls of magic mapping {unknown}
 k - 2 scrolls of enchant armour {unknown}
 m - a scroll of fog {unknown}
 n - 2 scrolls of teleportation {unknown}
 o - a scroll of torment {unknown}
 r - a scroll of poison {unknown}
 F - a scroll of immolation {unknown}
Potions
 a - 2 potions of flight {unknown}
 l - 2 potions of heal wounds
 p - a potion of attraction {unknown}
 v - a potion of curing {unknown}


   Skills:
 + Level 2.8 Fighting
 + Level 1.3(3.3) Short Blades
 + Level 4.7(4.8) Long Blades
 + Level 0.1 Maces & Flails
 * Level 2.8 Armour
 + Level 4.8 Dodging
 - Level 2.0 Stealth
 - Level 1.0 Shields
 + Level 2.0 Spellcasting
 * Level 1.7 Translocations
 * Level 3.1 Ice Magic
 + Level 3.4 Evocations


You had 6 spell levels left.
You knew the following spells:

 Your Spells              Type           Power      Damage    Failure   Level
a - Frozen Ramparts       Ice            14%        1d3       32%         3
b - Blink                 Tloc           8%         N/A       30%         2

Your spell library contained the following spells:

 Spells                   Type           Power      Damage    Failure   Level
 Lesser Beckoning         Tloc           8%         N/A       30%         2
 Sandblast                Erth           2%         2d4       36%         1
 Momentum Strike          Conj/Tloc      4%         3d8       38%         2
 Cigotuvi's Dreadful Rot  Necr/Pois/Air  2%         N/A       52%         2
 Passwall                 Tmut/Erth      0%         N/A       52%         2
 Ignite Poison            Fire/Tmut/Pois 1%         N/A       75%         3
 Inner Flame              Hex/Fire       1%         N/A       75%         3
 Stone Arrow              Conj/Erth      2%         3d7       75%         3
 Ice Form                 Ice/Tmut       4%         N/A       90%         4
 Summon Ice Beast         Ice/Summ       4%         N/A       90%         4
 Freezing Cloud           Conj/Ice/Air   1%         6-21      100%        5
 Yara's Violent Unravell  Hex/Tmut       0%         3d3       100%        5
 Enfeeble                 Hex            0%         N/A       100%        7


Dungeon Overview and Level Annotations

Branches:
Dungeon (5/15)
 Temple: D:4-7

Altars:
Makhleb
Nemelex Xobeh

Shops:
D:3 (

Annotations:
D:5 Pikel


Innate Abilities, Weirdness & Mutations

((You are very nimble when in or above water. (Stealth+, EV+, Speed+++)))
Your lower body shifts to a powerful aquatic tail in water.


Message History

The wall freezes the lemure but does no damage.
The orc priest calls down the wrath of Beogh upon you.
Beogh smites you!
* * * LOW HITPOINT WARNING * * *
The wall freezes the lemure.
The wall freezes Pikel but does no damage.
You block Pikel's attack.
It was a potion of heal wounds.
You feel much better.
The frozen ramparts melt away.
Pikel barely misses you.
Casting: Frozen Ramparts (dangerous; 32% risk of failure)
Confirm with . or Enter, or press ? or * to list all spells.
Casting: Frozen Ramparts (dangerous; 32% risk of failure)
Press: ? - help, Dir - look around, f - activate You miscast Frozen Ramparts.
You are very lightly contaminated with residual magic.
Nothing appears to happen.
Pikel hits you but does no damage.
You are electrocuted!
* * * LOW HITPOINT WARNING * * *
Casting: Frozen Ramparts (dangerous; 32% risk of failure)
Confirm with . or Enter, or press ? or * to list all spells.
Casting: Frozen Ramparts (dangerous; 32% risk of failure)
Press: ? - help, Dir - look around, f - activate The walls around you are covered in ice.
The wall freezes the lemure but does no damage. x2
The wall freezes Pikel but does no damage.
Pikel hits you with a +0 whip of electrocution!
* * * LOW HITPOINT WARNING * * *
You hit Pikel but do no damage.
Pikel is severely wounded.
The wall freezes the lemure. x2
You kill the lemure!
That felt strangely unrewarding.
The wall freezes Pikel.
Pikel closely misses you.
You hit Pikel. You burn Pikel.
Pikel is almost dead.
The wall freezes the lemure but does no damage.
The orc priest begins to cast a cantrip, but forgets the words!
The wall freezes Pikel but does no damage.
Pikel hits you with a +0 whip of electrocution!
You die...

....... #.......#.....#.
.......##+#####.##...# ##
...(...[....###.####+# #
............#....#...# #
............#....#...# #
..........{o#........+ .
# .........o55#........#
.. #
........oo5K##..#.####...
############@..........#
#...._......#
#...........#
+....#......#
#...).......#
#############


You could see Pikel, 3 lemures, an orc priest and 3 orcs.

Vanquished Creatures
  Eustachio (D:4)
  2 ice beasts (D:5)
  2 ogres (D:4)
  A phantom (D:5)
  A lemure (D:5)
  A scorpion (D:5)
  A howler monkey (D:4)
  2 hounds (D:4)
  An iguana (D:4)
  An orc wizard (D:3)
  Robin (D:4)
  3 gnolls (D:4)
  4 adders
  2 ufetubi (D:4)
  3 dart slugs (D:4)
  9 orcs
  3 bats
  5 endoplasms
  7 giant cockroaches
  11 goblins
  7 hobgoblins
  9 jackals
  6 kobolds
  3 quokkas
  7 ball pythons
  3 frilled lizards
  4 rats
100 creatures vanquished.

Notes
Turn   | Place    | Note
-------+----------+-------------------------------------------
     0 | D:1      | monsoonserge the Merfolk Artificer began the quest for the
                  | Orb.
     0 | D:1      | Reached XP level 1. HP: 15/15 MP: 1/1
   152 | D:1      | Reached XP level 2. HP: 14/21 MP: 2/2
   281 | D:1      | HP: 1/21 [jackal (2)]
   287 | D:1      | HP: 1/21 [jackal (2)]
   590 | D:1      | Reached XP level 3. HP: 20/26 MP: 3/3
   645 | D:1      | Reached skill level 1 in Armour
  1481 | D:2      | Reached skill level 1 in Short Blades
  1650 | D:2      | Reached XP level 4. HP: 5/32 MP: 4/4
  2074 | D:3      | Found Keudil's Weapon Boutique.
  2469 | D:3      | Found a faded altar of an unknown god.
  2504 | D:3      | Learned a level 3 spell: Frozen Ramparts
  2780 | D:3      | Reached XP level 5. HP: 31/38 MP: 5/5
  3019 | D:4      | Reached skill level 1 in Long Blades
  3019 | D:4      | Reached skill level 1 in Ice Magic
  3068 | D:4      | Noticed an ogre
  3086 | D:4      | Reached skill level 1 in Spellcasting
  3225 | D:4      | Noticed Eustachio
  3253 | D:4      | Paralysed by Eustachio for 2 turns
  3258 | D:4      | Paralysed by Eustachio for 3 turns
  3262 | D:4      | Paralysed by Eustachio for 5 turns
  3278 | D:4      | Killed Eustachio
  3279 | D:4      | Reached skill level 1 in Shields
  3279 | D:4      | Reached XP level 6. HP: 19/44 MP: 7/7
  3296 | D:4      | Learned a level 2 spell: Blink
  3400 | D:4      | Reached XP level 7. HP: 23/50 MP: 8/8
  3691 | D:4      | Noticed Robin
  3707 | D:4      | Killed Robin
  3708 | D:4      | Reached skill level 1 in Translocations
  3858 | D:4      | Found a sparkling altar of Nemelex Xobeh.
  4241 | D:5      | Entered Level 5 of the Dungeon
  4628 | D:5      | Found a burning altar of Makhleb.
  4655 | D:5      | Reached XP level 8. HP: 57/57 MP: 11/11
  4675 | D:5      | Noticed Pikel
  4707 | D:5      | Slain by Pikel

Illustrated notes

Levels and vault maps discovered:
D:1:      dpeg_arrival_erosion, layout_basic
D:2:      layout_basic, kennysheep_generic_room_5
D:3:      layout_basic, ebering_ecumenical_altar_mist, serial_shops, shop
D:4:      layout_loops_ring, marbit_many_paths, serial_bayou,
          serial_bayou_lagoon_a, serial_bayou_pond_a, serial_bayou_pond_d,
          serial_bayou_shore_b, uniq_robin, uniq_eustachio
D:5:      layout_gridville, mainiacjoe_overflow_tiny_flanked,
          chequers_serial_rivers_small_3, uniq_blork_the_orc, uniq_pikel

Skill      XL: |  1  2  3  4  5  6  7 |
---------------+----------------------+-----
Dodging        | 3 4 |  4.8
Armour         | 1 2 |  2.8
Short Blades   | 1 |  1.3
Long Blades    | 2 3 4 |  4.7
Ice Magic      | 1 2 3 |  3.1
Stealth        | 2 |  2.0
Spellcasting   | 1 2 |  2.0
Fighting       | 2 |  2.8
Shields        | 1 |  1.0
Translocations | 1 |  1.7
Maces & Flails | |  0.1
Evocations     | |  3.4

Action                     |  1- 3 |  4- 6 |  7- 9 || total
---------------------------+-------+-------+-------++-------
  Melee: Club              |    37 |       |       ||    37
         Short sword       |   150 |    33 |       ||   183
         Punch             |     4 |     1 |     2 ||     7
         Falchion          |       |   143 |    86 ||   229
         Tailslap          |       |     4 |       ||     4
  Throw: Dart              |       |     2 |     1 ||     3
   Cast: Frozen Ramparts   |       |       |     6 ||     6
         Blink             |       |       |     1 ||     1
  Evoke: Wand              |     3 |     1 |     6 ||    10
    Use: Potion            |       |       |     1 ||     1
   Stab: Sleeping          |     6 |     2 |       ||     8
 Armour: Leather armour    |    56 |    38 |    20 ||   114
  Dodge: Dodged            |   153 |   125 |    55 ||   333
  Block: Other             |     7 |    39 |    21 ||    67
